 Dungeon Crawl Stone Soup version 0.30-a0-634-g8abc85282e (webtiles) character file.

Game seed: 16835784869923523324

104 Dirtsage the Changer (level 4, -5/28 HPs)
             Began as an Octopode Transmuter on Jan 14, 2023.
             Slain by an orc
             ... wielding a +0 trident
              (8 damage)
             ... on level 4 of the Dungeon.
             The game lasted 00:03:15 (1246 turns).

Dirtsage the Changer (Octopode Transmuter)          Turns: 1246, Time: 00:03:16

Health: -5/28      AC:  1    Str:  9    XL:     4   Next: 80%
Magic:  7/7        EV: 13    Int: 17    God:
Gold:   43         SH:  0    Dex: 12    Spells: 4/7 levels left

rFire   . . .      SeeInvis .      - Unarmed
rCold   . . .      Faith    .    (no shield)
rNeg    . . .      Spirit   .    (helmet currently unavailable)
rPois   .          Reflect  .    (no amulet)
rElec   .          Harm     .    (no ring)
rCorr   .          Rampage  .    (no ring)
Will    .....                    (no ring)
Stlth   ++                       (no ring)
HPRegen 0.24/turn                (no ring)
MPRegen 0.10/turn                (no ring)
                                 (no ring)
                                 (no ring)

@: appendages
A: tentacle spike 3, almost no armour, amphibious, 8 rings, camouflage 1,
gelatinous body 1, (nimble swimmer 1), tentacles
a: End Transformation


You were on level 4 of the Dungeon.
One of your tentacles had grown a beastly spike.
You visited 1 branch of the dungeon, and saw 3 of its levels.

You collected 43 gold pieces.

Inventory:

Armour
 c - an orb of light
Scrolls
 d - 2 scrolls of poison {unknown}
 e - a scroll of vulnerability
 i - 2 scrolls of identify
Potions
 a - a potion of lignification
 b - a potion of invisibility
 f - a potion of attraction {unknown}
 l - a potion of heal wounds


   Skills:
 - Level 1.0 Fighting
 - Level 2.0 Dodging
 - Level 3.0 Unarmed Combat
 - Level 2.0 Spellcasting
 * Level 3.6 Transmutations
 * Level 2.9 Ice Magic


You had 4 spell levels left.
You knew the following spells:

 Your Spells              Type           Power      Damage    Failure   Level
a - Beastly Appendage     Tmut           28%        N/A       4%          1
b - Wereblood             Tmut           14%        N/A       6%          2

Your spell library contained the following spells:

 Spells                   Type           Power      Damage    Failure   Level
 Magic Dart               Conj           4%         1d3       19%         1
 Spider Form              Tmut/Pois      7%         N/A       26%         3
 Call Imp                 Summ           1%         N/A       28%         2
 Ice Form                 Ice/Tmut       12%        N/A       45%         4
 Mephitic Cloud           Conj/Pois/Air  1%         N/A       50%         3


Dungeon Overview and Level Annotations

Branches:
Dungeon (2/15)

Altars:


Innate Abilities, Weirdness & Mutations

One of your tentacles has grown a beastly spike.
You cannot wear most types of armour.
You are amphibious.
You can wear up to eight rings at the same time.
Your skin changes colour to match your surroundings (Stealth+).
Your rubbery body absorbs attacks. (AC +1, EV +1)
((You are camouflaged when in or above water. (Stealth+)))
You have tentacles for arms and can constrict up to eight enemies at once.


Message History

There is an open door here.
You open the door.
An iguana comes into view.
Casting: Beastly Appendage (safe; 4% risk of failure)
Confirm with . or Enter, or press ? or * to list all spells.
One of your tentacles grows a vicious spike.
You now have 6/7 mp.
There is an open door here.
You closely miss the iguana. Your grab misses the iguana.
The iguana closely misses you.
You tentacle-slap the iguana but do no damage.
You grab the iguana.
Your tentacle spike misses the iguana.
You squeeze the iguana, but do no damage.
You constrict the iguana. The iguana closely misses you.
You tentacle-slap the iguana.
The iguana is lightly wounded.
You constrict the iguana. The iguana misses you.
You tentacle-slap the iguana but do no damage.
The iguana is moderately wounded.
You constrict the iguana. The iguana bites you!
You take 8 damage, and have 20/28 hp.
MASSIVE DAMAGE!!
You tentacle-slap the iguana.
You squeeze the iguana, but do no damage.
The iguana is heavily wounded.
You constrict the iguana. The iguana bites you.
You take 3 damage, and have 17/28 hp.
You tentacle-slap the iguana but do no damage.
You squeeze the iguana, but do no damage.
The iguana is heavily wounded.
You constrict the iguana. The iguana bites you!
Ouch! That really hurt!
* * * LOW HITPOINT WARNING * * *
An orc comes into view. It is wielding a +0 trident.
The orc shouts!
You take 14 damage, and have 3/28 hp.
MASSIVE DAMAGE!!
You tentacle-slap the iguana.
Your tentacle spike misses the iguana.
The iguana is severely wounded.
You constrict the iguana.
The orc hits you from afar with a +0 trident!
You die...

########
#......######
#......'....#
#......#....#
#......#....#
#......#....#
#####......####@#
##..#..######.#..lo.#
#...#.........#.....#
#...#.........#.....#
#...'.........#.....#
##'############.....#
#...............####.
#............... ..
#...............


You could see an iguana and an orc.

Vanquished Creatures
  A hound (D:4)
  An iguana (D:4)
  A gnoll (D:1)
  A worm (D:4)
  2 ball pythons (D:1)
  A bat (D:1)
  3 endoplasms
  5 goblins
  A hobgoblin (D:1)
  9 jackals (D:1)
  A quokka (D:1)
  4 kobolds
  3 rats (D:1)
33 creatures vanquished.

Notes
Turn   | Place    | Note
-------+----------+-------------------------------------------
     0 | D:1      | Dirtsage the Octopode Transmuter began the quest for the
                  | Orb.
     0 | D:1      | Reached XP level 1. HP: 13/13 MP: 3/3
   211 | D:1      | Reached skill level 1 in Ice Magic
   211 | D:1      | Reached XP level 2. HP: 18/18 MP: 5/5
   231 | D:1      | Learned a level 2 spell: Wereblood
   520 | D:1      | Reached XP level 3. HP: 21/23 MP: 4/6
   899 | D:2      | Found a faded altar of an unknown god.
  1052 | D:2      | You fall into a shaft and drop 2 floors!
  1066 | D:4      | Reached XP level 4. HP: 13/28 MP: 5/7
  1246 | D:4      | Slain by an orc

Illustrated notes

Levels and vault maps discovered:
D:1:      dpeg_arrival_yet_another_circle, layout_basic, nrook_mini_vaults
D:2:      layout_basic, nicolae_ecumenical_oubliette
D:4:      layout_gridville, grunt_gozag_statues

Skill      XL: |  1  2  3 |
---------------+----------+-----
Ice Magic      | 1 2 |  2.9
Transmutations | 3 |  3.6
Fighting       | |  1.0
Dodging        | |  2.0
Unarmed Combat | |  3.0
Spellcasting   | |  2.0

Action                   |  1- 3 |  4- 6 || total
-------------------------+-------+-------++-------
Melee: Unarmed           |    65 |    15 ||    80
       Tentacles         |    16 |     6 ||    22
       Constrict         |    17 |     3 ||    20
       Kick              |    12 |     5 ||    17
       Punch             |     1 |       ||     1
 Cast: Beastly Appendage |     9 |     4 ||    13
  Use: Scroll            |     5 |       ||     5
 Stab: Sleeping          |     5 |       ||     5
Armor: Skin              |     2 |       ||     2
Dodge: Dodged            |    31 |     7 ||    38

Table legend: (Time is in decaauts)
 A = Elapsed time spent in this place.
 B = Non-inter-level travel time spent in this place.
 C = Inter-level travel time spent in this place.
 D = Time resting spent in this place.
 E = Time spent auto-exploring this place.
 F = Levels seen in this place.
 G = Mean time per level.
                   A        B        C        D        E       F      G
               +--------+--------+--------+--------+--------+-----+--------+
         Total |   1241 |   1202 |     39 |      0 |    914 |   3 |  413.7 |
       Dungeon |   1241 |   1202 |     39 |      0 |    914 |   3 |  413.7 |
               +--------+--------+--------+--------+--------+-----+--------+

Top non-repeatable levels by time:
     D:1: 935 daAuts
     D:4: 193 daAuts
     D:2: 113 daAuts
